Map: Catalyst LE

Players

Pain - Winner!

  • Race: Terran Terran
  • Spawn Location: 5:00

A.I. 1 (Medium)

  • Race: Protoss Protoss
  • Spawn Location: 11:00

VOD

Have the link to the VOD?

Description

Time

  • Played on: March 13, 2018, 9:38 p.m.
  • Length: 23:29
Show
View Real Time Build Order
Export as new Build Order

Pain Terran - Winner!

Build Orders:  

Get SALT Encoding   

  12  0:04  SCV  
  13  0:35  Supply Depot  
  13  0:40  SCV  
  14  0:52  SCV  
  15  1:02  Barracks  
  15  1:04  SCV  
  16  1:25  SCV  
  17  1:29  Refinery  
  17  1:37  SCV  
  18  1:49  SCV  
  18  1:50  Supply Depot  
  20  2:01  SCV  
  20  2:30  Marine  
  21  2:41  Engineering Bay  
  21  2:43  SCV  
  22  2:48  Marine  
  23  2:55  SCV  
  24  3:06  Marine  
  24  3:07  Command Center  
  25  3:19  SCV  
  26  3:22  Bunker  
  26  3:24  Marine  
  27  3:27  Factory  
  27  3:31  SCV  
  28  3:42  Marine  
  28  3:43  SCV  
  28  3:46  Terran Infantry Weapons Level 1  
  30  3:58  Bunker  
  30  4:00  Orbital Command  
  30  4:03  Barracks Reactor  
  30  4:10  Refinery  
  30  4:21  Barracks  
  30  4:30  SCV  
  31  4:40  Supply Depot  
  31  4:42  SCV  
  31  4:45  Hellion  
  34  4:48  Marine x2  
  36  4:54  SCV  
  37  5:03  Supply Depot  
  37  5:06  SCV, Marine x2, Hellion  
  42  5:16  Factory  
  42  5:18  SCV x2  
  44  5:24  Marine x2  
  44  5:26  Supply Depot  
  44  5:27  Hellion  
  48  5:29  Barracks Reactor  
  48  5:30  SCV  
  48  5:32  Barracks Tech Lab  
  49  5:42  SCV, Marine x2  
  52  5:44  Missile Turret  
  52  5:49  Hellion  
  54  5:54  SCV  
  54  5:56  SCV  
  56  6:00  Refinery  
  56  6:06  Missile Turret  
  56  6:07  Combat Shields  
  56  6:08  SCV  
  56  6:10  Hellion  
  59  6:13  Terran Infantry Armor Level 1  
  59  6:20  Factory Tech Lab  
  59  6:21  SCV  
  59  6:25  Missile Turret  
  60  6:33  SCV, Marine x2  
  63  6:40  Marauder  
  65  6:51  Marine x2  
  65  6:52  Infernal Pre-Igniter  
  67  7:02  Marauder  
  67  7:05  Armory  
  67  7:06  Orbital Command  
  69  7:09  Marine  
  70  7:17  Supply Depot  
  70  7:26  Stimpack  
  70  7:38  SCV, Marine x2  
  70  7:39  Marauder  
  70  7:40  Supply Depot  
  70  7:44  Factory Reactor  
  75  7:51  SCV  
  76  7:56  Marine  
  77  8:00  Refinery  
  77  8:02  Siege Tank, Marauder  
  77  8:03  SCV  
  77  8:04  Supply Depot  
  83  8:15  SCV  
  84  8:27  SCV, Supply Depot  
  85  8:34  Siege Tank  
  88  9:03  Hellbat  
  88  9:04  Hellbat  
  88  9:06  Siege Tank  
  95  9:16  Terran Vehicle Weapons Level 1  
  98  9:38  Siege Tank  
  98  9:51  Command Center  
  98  9:53  SCV  
  99  10:05  SCV  
  91  10:10  Siege Tank  
  90  10:17  SCV  
  91  10:29  SCV  
  92  10:36  SCV  
  92  10:41  SCV  
  92  10:42  Siege Tank  
  97  10:48  SCV  
  95  11:00  SCV  
  94  11:10  Marine x2  
  94  11:11  Marine, Terran Vehicle And Ship Armor Level 1  
  96  11:12  SCV  
  96  11:14  Hellion x2  
  96  11:15  Hellion  
  102  11:24  SCV  
  101  11:28  Marine x3  
  104  11:35  Hellion  
  104  11:36  Hellion x2  
  110  11:46  Marine x3  
  111  11:57  Hellion x3  
  116  12:04  Marine x3  
  119  12:18  Hellion x2  
  119  12:19  Siege Tank  
  119  12:22  Marine  
  123  12:51  Marine, Siege Tank  
  120  12:52  Marine x2  
  120  12:56  Hellion x2  
  127  13:05  Terran Ship Weapons Level 1  
  127  13:06  SCV  
  127  13:09  Marine x3  
  127  13:10  Refinery  
  127  13:12  SCV  
  132  13:17  SCV  
  133  13:26  SCV x2, Hellion x3, Supply Depot  
  141  13:47  Marine x3  
  141  13:48  SCV x3, Hellion  
  149  13:49  Supply Depot  
  149  14:10  Marine x3, Supply Depot  
  149  14:11  SCV x3, Hellion  
  149  14:12  Supply Depot  
  149  14:15  Hellion x2  
  161  14:23  SCV x2  
  163  14:28  Marine x2  
  163  14:31  Marine  
  165  14:32  Siege Tank  
  165  14:33  Supply Depot  
  165  14:36  Hellion x2, Supply Depot  
  166  14:52  Marine x2  
  166  14:54  Marine  
  166  14:56  Supply Depot  
  166  14:57  Hellion  
  166  14:59  Supply Depot  
  169  15:04  Siege Tank  
  162  15:10  Marine  
  153  15:32  Command Center  
  140  15:51  Marine x3  
  140  15:56  Hellion x3  
  146  16:09  Marine x3  
  144  16:17  Hellion x2  
  144  16:18  Hellion  
  150  16:27  Marine x3  
  150  16:30  SCV  
  154  16:39  Hellion x3  
  160  16:40  Refinery  
  160  16:42  SCV, Refinery  
  160  16:45  Marine x3  
  163  16:54  SCV  
  163  17:00  Hellion x2, Siege Tank  
  165  17:03  Marine  
  165  17:06  SCV  
  158  17:19  SCV  
  159  17:39  Terran Infantry Weapons Level 2  
  159  17:40  Starport  
  159  17:43  Terran Vehicle Weapons Level 2  
  159  18:05  Barracks  
  159  18:08  Factory  
  159  18:17  Starport  
  159  18:28  Supply Depot  
  159  18:44  Marine x2  
  161  18:51  Marine, Supply Depot  
  161  18:53  Marine, Factory, Barracks  
  163  19:02  Marine x2  
  163  19:09  Marine  
  166  19:10  Marine  
  166  19:14  Supply Depot  
  167  19:20  Marine x2  
  166  19:26  Marine  
  166  19:28  Marine  
  168  19:36  Supply Depot  
  168  19:38  Marine x2  
  169  19:44  Marine  
  171  19:46  Marine  
  172  19:55  Terran Infantry Armor Level 2  
  172  19:59  Terran Vehicle And Ship Armor Level 2, Supply Depot  
  172  20:02  Marine  
  172  20:04  Marine  
  174  20:24  Supply Depot  
  169  20:52  Viking x2  
  173  21:22  Viking x2  
  172  21:43  Marine x4  
  176  21:52  Viking x2  
  180  22:01  Marine x4  
  184  22:18  Marine  
  184  22:19  Marine x3  
  184  22:22  Viking x2  
  192  22:27  Supply Depot  
  192  22:36  Marine x2  
  192  22:37  Marine x2  
  196  22:48  Hellion x2  
  196  22:50  Supply Depot  
  190  23:12  Supply Depot  
Show
View Real Time Build Order
Export as new Build Order

A.I. 1 (Medium) Protoss 

Build Orders: 1 Gate Expand 

Get SALT Encoding   

  12  0:00  Probe  
  13  0:13  Probe  
  14  0:21  Pylon  
  14  0:25  Probe  
  15  0:35  Probe  
  16  0:43  Probe  
  17  0:50  Gateway  
  17  1:10  Probe  
  17  1:12  Nexus  
  18  1:29  Pylon  
  18  1:33  Assimilator  
  18  1:37  Zealot  
  20  1:43  Cybernetics Core  
  20  1:44  Probe  
  21  1:56  Probe  
  22  2:06  Gateway  
  22  2:08  Probe  
  22  2:12  Stalker  
  23  2:16  Assimilator  
  25  2:24  Pylon  
  25  2:25  Probe  
  25  2:28  Warp Gate  
  26  2:37  Probe  
  27  2:45  Probe  
  27  2:51  Stalker  
  30  2:52  Assimilator  
  30  3:09  Stalker  
  32  3:14  Probe  
  33  3:23  Probe x2  
  35  3:28  Stalker  
  35  3:31  Probe  
  37  3:35  Probe  
  39  3:41  Probe  
  39  3:47  Sentry, Probe  
  43  3:53  Probe  
  44  3:56  Pylon  
  44  3:57  Adept  
  44  3:59  Probe  
  45  4:06  Probe  
  48  4:11  Probe  
  49  4:18  Probe  
  49  4:22  Probe  
  49  4:23  Pylon  
  51  4:30  Probe x2, Zealot  
  55  4:42  Probe  
  55  4:45  Probe  
  56  4:47  Pylon  
  56  4:49  Stalker  
  59  4:54  Probe  
  59  4:57  Probe  
  61  5:06  Probe  
  62  5:08  Stalker  
  62  5:09  Probe  
  62  5:10  Pylon  
  65  5:17  Robotics Facility  
  65  5:18  Probe  
  66  5:26  Stalker  
  66  5:27  Probe  
  69  5:28  Probe  
  69  5:32  Pylon  
  70  5:37  Forge  
  70  5:38  Probe  
  70  5:40  Probe  
  72  5:45  Stalker  
  72  5:49  Probe  
  74  5:53  Pylon  
  74  5:56  Pylon  
  75  6:00  Stargate  
  75  6:03  Sentry  
  77  6:05  Twilight Council  
  77  6:06  Observer  
  77  6:08  Assimilator  
  78  6:11  Gateway  
  78  6:15  Photon Cannon  
  78  6:16  Photon Cannon  
  78  6:19  Forge  
  78  6:21  Photon Cannon  
  78  6:22  Adept  
  80  6:26  Photon Cannon  
  80  6:27  Observer  
  80  6:30  Probe  
  82  6:40  Zealot  
  84  6:59  Stalker  
  86  9:09  Nexus  
  86  9:39  Protoss Ground Weapons Level 1  
  86  9:41  Protoss Ground Armor Level 1  
  86  9:49  Warp Prism  
  86  9:50  Void Ray  
  92  9:54  Gateway  
  92  9:58  Templar Archives  
  92  10:00  Sentry  
  92  10:01  Robotics Facility  
  92  10:03  Stargate  
  82  10:08  Robotics Bay  
  82  10:10  Sentry  
  82  10:11  Dark Shrine  
  82  10:14  Fleet Beacon  
  66  10:15  Warp Prism  
  66  10:16  Pylon  
  66  10:20  Zealot  
  66  10:21  Probe  
  64  10:24  Probe  
  68  10:30  Probe, Sentry  
  68  10:31  Probe  
  70  10:36  Assimilator  
  70  10:38  Pylon  
  70  10:40  Probe, Sentry, Pylon  
  71  10:44  Observer  
  71  10:47  Probe  
  59  10:50  Probe  
  59  10:51  Assimilator, Stalker  
  59  10:53  Probe  
  50  10:59  Probe  
  50  11:01  Photon Cannon, Stalker  
  50  11:02  Probe  
  50  11:03  Photon Cannon  
  41  11:05  Probe  
  41  11:11  Probe, Stalker  
  44  11:14  Probe  
  44  11:17  Probe  
  38  11:21  Stalker  
  38  11:22  Robotics Bay  
  38  11:23  Probe  
  33  11:26  Probe  
  33  11:29  Probe  
  33  11:31  Sentry  
  35  11:35  Probe  
  34  11:41  Probe x2  
  34  11:42  Sentry, Robotics Bay  
  36  11:47  Probe  
  36  11:49  Probe  
  36  11:52  Sentry  
  36  11:53  Probe  
  39  11:57  Probe  
  39  11:59  Probe  
  36  12:02  Void Ray  
  36  12:05  Probe  
  36  12:08  Probe  
  30  12:09  Robotics Bay  
  30  12:11  Probe  
  30  12:12  Zealot  
  28  12:17  Probe  
  28  12:20  Probe x2  
  28  12:22  Sentry  
  31  12:28  Probe  
  31  12:29  Probe  
  29  12:32  Probe, Stalker  
  29  12:38  Probe  
  29  12:42  Probe, Zealot  
  33  12:44  Probe  
  33  12:50  Probe x2  
  32  12:52  Stalker  
  32  12:56  Probe  
  36  12:59  Probe  
  36  13:02  Probe, Sentry  
  40  13:08  Probe x2  
  40  13:12  High Templar  
  44  13:14  Probe  
  45  13:20  Probe x2  
  45  13:22  Sentry  
  45  13:23  Probe  
  50  13:32  Probe, Observer  
  50  13:33  Probe  
  50  13:34  Probe  
  53  13:37  Stalker  
  56  13:44  Probe  
  56  13:45  Probe  
  56  13:47  Stalker  
  60  13:49  Probe  
  61  13:56  Probe  
  61  13:57  Probe, Sentry  
  61  14:01  Probe  
  66  14:03  Sentry  
  66  14:08  Probe  
  66  14:09  Probe, Zealot  
  72  14:13  Probe  
  72  14:15  Stalker  
  75  14:20  Probe, Stalker  
  75  14:21  Probe  
  79  14:25  Probe  
  79  14:26  Stalker  
  82  14:32  Stalker  
  82  14:33  Probe  
  82  14:34  Probe  
  82  14:37  Probe  
  82  14:38  Adept  
  89  14:44  Colossus  
  89  14:45  Probe  
  88  14:46  Probe  
  88  14:50  Probe, Stalker  
  84  14:54  Fleet Beacon  
  84  14:56  Zealot  
  73  15:02  Stalker  
  48  15:23  Carrier  
  46  15:32  Stalker  
  51  15:45  Stalker  
  46  15:52  Stalker, Pylon  
  41  15:59  Zealot  
  39  16:06  Void Ray  
  39  16:10  Pylon  
  38  16:14  Stalker  
  35  16:30  Zealot  
  29  17:07  Nexus  
  29  17:26  Pylon  
  29  17:37  Nexus  
  29  17:52  Probe  
  30  17:59  Cybernetics Core  
  30  18:08  Probe  
  31  18:16  Probe  
  31  18:20  Probe  
  31  18:24  Probe  
  33  18:32  Probe  
  35  18:35  Probe  
  35  18:38  Stalker  
  38  18:43  Probe  
  38  18:44  Probe  
  40  18:49  Probe  
  41  18:57  Probe  
  42  19:03  Gateway  
  42  19:17  Robotics Facility  
  42  19:21  Zealot  
  44  19:48  Nexus  
  44  20:03  Gateway  
  44  20:07  Stalker  
  46  20:15  Stalker  
  48  20:23  Sentry  
  34  20:38  Zealot  
  33  20:56  Nexus  
  15  21:57  Nexus  
  15  22:07  Cybernetics Core  
  15  23:12  Nexus  
Tags
 
Matchup
PvT
Replay Pack
RP
Spawn Locations
Cross Positions
Add a new tag
Caveats
  • Supply blocks, unpowered buildings, or Contaminate may cause inaccurate times.
  • Supply counts are checked every 10 seconds.